 Dungeon Crawl Stone Soup version 0.14-a0-2950-gbe29d66 (webtiles) character file.

354 JEFFREY the Ducker (level 5, 0/28 HPs)
             Began as a Spriggan Abyssal Knight on Mar 4, 2014.
             Was an Elder of Lugonu.
             Slain by Sigmund
             ... wielding a +0,+0 scythe
              (12 damage)
             ... on Level 4 of the Dungeon.
             The game lasted 00:11:03 (2648 turns).

JEFFREY the Ducker (Spriggan Abyssal Knight)        Turns: 2648, Time: 00:11:03

HP   0/28        AC  5     Str  8      XL: 5   Next: 96%
MP  13/13        EV 20     Int 14      God: Lugonu [****..]
Gold 93          SH  0     Dex 16      Spells:  0 memorised,  4 levels left

rFire  . . .     SeeInvis +     a - +2 short sword
rCold  . . .     Clarity  .     b - +0 robe
rNeg   . . .     Conserve .     (shield restricted)
rPois  .         rCorr    .     (helmet restricted)
rElec  .         rRot     .     i - +2 cloak
SustAb . .       Spirit   .     (gloves unavailable)
rMut   .         Warding  .     (boots unavailable)
Saprov . . .     Stasis   .     (no amulet)
MR     +....                    (no ring)
                                l - ring of protection from magic

@: very quick, somewhat resistant to hostile enchantments, stealthy
A: unfitting armour, see invisible, herbivore 3, speed 3, slow metabolism 2
a: Depart the Abyss, Bend Space, Banish, Corrupt, Renounce Religion


You were on level 4 of the Dungeon.
You worshipped Lugonu.
Lugonu was greatly pleased with you.
You were not hungry.

You visited 1 branch of the dungeon, and saw 4 of its levels.
You visited the Abyss 1 time.
You also visited: Sewer.

You collected 93 gold pieces.

Inventory:

Hand weapons
 a - a +2,+2 short sword (weapon)
Armour
 b - a +0 robe (worn)
 i - a +2 cloak (worn)
Magical devices
 n - a wand of confusion (8) {unknown}
Comestibles
 h - a bread ration
 p - a pear
Scrolls
 d - a scroll of blinking {unknown}
 e - 3 scrolls of remove curse
 f - 2 scrolls of noise {unknown}
 g - 5 scrolls of identify
 k - a scroll of recharging {unknown}
 m - 2 scrolls of teleportation {unknown}
 o - a scroll of fog {unknown}
 r - a scroll of magic mapping {unknown}
 t - a scroll of amnesia {unknown}
Jewellery
 l - a ring of protection from magic (left hand)
Potions
 c - a potion of porridge
 j - 4 potions of restore abilities {unknown}
 q - a potion of might {unknown}
 s - a potion of brilliance {unknown}
 u - 2 potions of heal wounds {unknown}
 v - a potion of curing {unknown}
 w - 2 potions of flight


   Skills:
 + Level 3.1 Fighting
 + Level 4.5 Short Blades
 + Level 5.0 Dodging
 + Level 2.5 Stealth
 + Level 3.0 Invocations


You had 4 spell levels left.
You didn't know any spells.

Dungeon Overview and Level Annotations

Branches:
Dungeon (4/16)
 Temple: D:4-7

Altars:
Makhleb
Xom

Annotations:
D:4 Sigmund


Innate Abilities, Weirdness & Mutations

You are tiny and cannot use many weapons and most armour.
You have supernaturally acute eyesight.
You are a herbivore.
You cover ground extremely quickly.
You need consume almost no food.


Message History

You slash Sigmund!
Sigmund is heavily wounded.
You hit Sigmund.
Sigmund is severely wounded.
Sigmund completely misses you.
You hit Sigmund.
Sigmund is severely wounded.
You barely miss Sigmund.
Sigmund is severely wounded.
Sigmund points at you and mumbles some strange words.
The puff of flame hits you!
You closely miss Sigmund.
Sigmund is severely wounded.
Sigmund barely misses you.
You closely miss Sigmund.
Sigmund is severely wounded.
You hit Sigmund.
Sigmund is almost dead.
Sigmund hits you with a scythe!
You die...

#################
.............)....
#######.######### #.#
#.#########
###############..........
.......@@................
....(...................
####..#################
#.. #. #. #


You could see Sigmund (invisible).

Vanquished Creatures
  A big kobold (Sewer)
  A big fish (Sewer)
  A worker ant (D:4)
  5 adders (D:2)
  A giant mite (D:3)
  3 green rats
  2 worms
  A giant gecko (D:2)
  3 orcs (D:3)
  A ball python (D:1)
  9 bats
  5 giant cockroaches
  4 hobgoblins
  A jackal (Sewer)
  5 giant newts
  9 goblins
  7 kobolds
  3 quokkas (D:3)
  11 rats
73 creatures vanquished.

Notes
Turn   | Place    | Note
--------------------------------------------------------------
     0 | Abyss:1  | JEFFREY, the Spriggan Abyssal Knight, began the quest for the Orb.
     0 | Abyss:1  | Reached XP level 1. HP: 11/11 MP: 2/2
    11 | D:1      | Escaped the Abyss
   447 | D:1      | Reached XP level 2. HP: 14/16 MP: 4/4
   827 | D:2      | Acquired Lugonu's second power
   830 | D:2      | Found a burning altar of Makhleb.
   830 | D:2      | Found a shimmering altar of Xom.
   891 | D:2      | Reached XP level 3. HP: 19/19 MP: 6/6
   910 | D:2      | Reached skill level 4 in Short Blades
  1183 | D:2      | Reached XP level 4. HP: 21/23 MP: 9/9
  1585 | D:3      | Reached skill level 1 in Stealth
  1685 | D:3      | Acquired Lugonu's third power
  2072 | D:3      | Found a glowing drain.
  2076 | Sewer    | Entered a sewer
  2087 | Sewer    | Reached XP level 5. HP: 10/28 MP: 12/12
  2336 | Sewer    | Noticed a big kobold
  2354 | Sewer    | Killed a big kobold
  2368 | Sewer    | Acquired Lugonu's fourth power
  2392 | Sewer    | Found a glowing silver altar of Zin.
  2588 | D:4      | Reached skill level 5 in Dodging
  2627 | D:4      | Noticed Sigmund
  2648 | D:4      | Slain by Sigmund

Action                   |  1- 3 |  4- 6 || total
-------------------------+-------+-------++-------
Melee: Short sword       |   101 |   185 ||   286
  Use: Scroll            |       |     2 ||     2
 Stab: Sleeping          |       |     3 ||     3
